 Dungeon Crawl Stone Soup version 0.22.1-1-ga44c0e5 (webtiles) character file.

200 LanZhu the Chopper (level 5, -8/46 HPs)
             Began as a Minotaur Gladiator on Oct 17, 2018.
             Killed by nerve-wracking pain
             ... invoked by an orc priest
              (12 damage)
             ... on level 4 of the Dungeon.
             The game lasted 00:43:51 (1704 turns).

LanZhu the Chopper (Minotaur Gladiator)             Turns: 1704, Time: 00:43:52

Health: -8/46      AC:  4    Str: 19    XL:     5   Next: 48%
Magic:  4/4        EV: 13    Int:  5    God:
Gold:   175        SH:  0    Dex: 12    Spells: 4/4 levels left

rFire    . . .     SeeInvis .   a - +0 war axe
rCold    . . .     Gourm    .   (no shield)
rNeg     . . .     Faith    .   m - +1 leather armour {rPois}
rPois    +         Spirit   .   c - +0 hat
rElec    .         Reflect  .   (no cloak)
rCorr    .         Harm     .   (no gloves)
MR       .....                  (no boots)
Stlth    +.........             (no amulet)
HPRegen  0.15/turn              (no ring)
MPRegen  0.09/turn              (no ring)

@: hasted, very quick
A: retaliatory headbutt, horns 2
a: no special abilities


You were on level 4 of the Dungeon.
You were not hungry.

You visited 1 branch of the dungeon, and saw 4 of its levels.

You collected 175 gold pieces.

Inventory:

Hand Weapons
 a - a +0 war axe (weapon)
Missiles
 d - 3 throwing nets (quivered)
Armour
 b - a +0 leather armour
 c - a +0 hat (worn)
 e - a +0 ring mail
 m - a +1 leather armour of poison resistance (worn)
Potions
 h - a potion of degeneration {unknown}
 j - a potion of magic {unknown}
 k - a potion of berserk rage {unknown}
Comestibles
 f - 10 rations


   Skills:
 * Level 3.7 Fighting
 * Level 5.9 Axes
 + Level 2.0 Throwing
 + Level 1.7 Armour
 + Level 4.1 Dodging
 + Level 0.4 Stealth


You had 4 spell levels left.
You didn't know any spells.
Your spell library was empty.

Dungeon Overview and Level Annotations

Branches:
Dungeon (4/15)
 Temple: D:4-7

Altars:
Hepliaklqana
Vehumet
The Shining One


Innate Abilities, Weirdness & Mutations

You reflexively headbutt those who attack you in melee.
You have a pair of horns on your head.


Message History

The orc shouts!
An orc priest comes into view. It is wielding a flail.
The jackal closely misses you.
Found a ring mail.
The orc priest calls down the wrath of Beogh upon you.
Beogh smites you! The jackal bites you.
The orc wizard points at you and mumbles some strange words.
The puff of flame hits you!
* * * LOW HITPOINT WARNING * * *
The orc priest looks braver for a moment.
The jackal bites you.
* * * LOW HITPOINT WARNING * * *
You feel yourself speed up.
The jackal bites you but does no damage.
The jackal barely misses you. The jackal misses you. You furiously retaliate!
You headbutt the jackal!
You kill the jackal!
The orc priest calls down the wrath of Beogh upon you.
Pain shoots through your body!
You die...

......................<.
..#...................†.
.......................h
..........#.............
.........#.............
##......#.....†.......
#.....h.####..†.......
..#...#.†o..............
.......@##s.............
............o...#.......
............oo..........
.....[.....##..........#
##...#.....##......)...
...........+...........
##...#.....##.........#
#.. #.....#


You could see 2 orc priests, an orc wizard, an orc and a jackal.

Vanquished Creatures
  A scorpion (D:4)
  An orc wizard (D:3)
  6 adders
  A worm (D:2)
  A leopard gecko (D:3)
  5 orcs (D:3)
  A giant cockroach (D:1)
  6 hobgoblins
  8 jackals
  7 kobolds
  A quokka (D:3)
  8 bats
  3 frilled lizards
  7 goblins
  4 rats
60 creatures vanquished.

Notes
Turn   | Place    | Note
-------+----------+-------------------------------------------
     0 | D:1      | LanZhu the Minotaur Gladiator began the quest for the Orb.
     0 | D:1      | Reached XP level 1. HP: 18/18 MP: 0/0
   158 | D:1      | Reached skill level 4 in Axes
   301 | D:1      | Reached XP level 2. HP: 24/25 MP: 1/1
   489 | D:2      | Reached XP level 3. HP: 29/30 MP: 2/2
   601 | D:2      | Reached skill level 1 in Armour
   740 | D:2      | Reached XP level 4. HP: 37/37 MP: 3/3
   919 | D:3      | Reached skill level 5 in Axes
  1292 | D:3      | Found a radiant altar of Vehumet.
  1345 | D:3      | Found a glowing golden altar of the Shining One.
  1456 | D:3      | Reached XP level 5. HP: 42/45 MP: 4/4
  1494 | D:3      | Found a hazy altar of Hepliaklqana.
  1704 | D:4      | Killed from afar by an orc priest

Skill      XL: |  1  2  3  4 |
---------------+-------------+-----
Axes           | 4 5 |  5.9
Armour         | 1 |  1.7
Fighting       | 3 |  3.7
Dodging        | 4 |  4.1
Throwing       | |  2.0
Stealth        | |  0.4

Action                   |  1- 3 |  4- 6 || total
-------------------------+-------+-------++-------
Melee: War axe           |    72 |    61 ||   133
       Headbutt          |     6 |     8 ||    14
  Use: Scroll            |     4 |     2 ||     6
       Potion            |     1 |     3 ||     4
  Eat: Ration            |       |     1 ||     1
Armor: Leather armour    |    18 |    18 ||    36
Dodge: Dodged            |    54 |    51 ||   105
